 Dungeon Crawl Stone Soup version 0.14-a0-218-g24e112a (console) character file.

1016 Illaniel the Charmwright (level 7, -4/45 HPs)
             Began as a High Elf Skald on Oct 8, 2013.
             Slain by a gnoll
             ... wielding a +0,+0 flail
              (16 damage)
             ... on Level 5 of the Dungeon on Oct 9, 2013.
             The game lasted 00:24:11 (5124 turns).

Illaniel the Charmwright (High Elf Skald)           Turns: 5124, Time: 00:24:11

HP  -4/45        AC  3     Str 11      XL: 7   Next: 66%
MP  15/20        EV 12     Int 18      God:
Gold 179         SH  0     Dex 15      Spells:  4 memorised,  6 levels left

Res.Fire  : . . .   See Invis. : .   a - +0,+1 elf falchion
Res.Cold  : + . .   Warding    : .   b - +0 elf leather armour
Life Prot.: . . .   Conserve   : .   (no shield)
Res.Poison: .       Res.Corr.  : .   (no helmet)
Res.Elec. : .       Clarity    : .   (no cloak)
Sust.Abil.: . .     Spirit.Shd : .   (no gloves)
Res.Mut.  : .       Stasis     : .   (no boots)
Res.Rott. : .       Flight     : .   A - amulet of the gourmand
Gourmand  : +                        y - ring of flight
                                     h - ring of protection from cold

@: slightly resistant to hostile enchantments, unstealthy
A: no striking features
a: Evoke Flight


You were on level 5 of the Dungeon.
You were very full.

You visited 1 branch of the dungeon, and saw 5 of its levels.

You collected 159 gold pieces.

Inventory:

Hand weapons
 a - a +0,+1 elven falchion (weapon)
 s - a +4,+1 sling
 v - a -1 orcish blowgun
Missiles
 B - 21 poisoned needles
 G - 47 stones (quivered)
Armour
 b - a +0 elven leather armour (worn)
Magical devices
 u - a wand of flame (5)
Comestibles
 d - 7 bread rations
 z - a meat ration
Scrolls
 e - 2 scrolls of enchant weapon II
 i - a scroll of identify
 j - a scroll of curse armour {unknown}
 k - 2 scrolls of magic mapping {unknown}
 m - a scroll of fog {unknown}
 n - 3 scrolls of recharging {unknown}
 p - 4 scrolls of remove curse {unknown}
 r - 3 scrolls of teleportation {unknown}
 t - a scroll of curse weapon {unknown}
 w - a scroll of enchant armour {unknown}
Jewellery
 h - a ring of protection from cold (left hand)
 y - a ring of flight (right hand)
 A - an amulet of the gourmand (around neck)
 D - an uncursed amulet of rage
Potions
 f - 2 potions of curing
 g - a potion of agility
 l - a potion of cure mutation
 o - 4 potions of heal wounds
 q - a potion of restore abilities
 x - a potion of beneficial mutation {unknown}
 C - a potion of poison {unknown}
 E - a potion of degeneration {unknown}
 F - a potion of porridge {unknown}
Books
 c - a book of Battle

   Spells                             Type                      Level
   *Infusion                          Charms                       1
   *Shroud of Golubria                Charms/Translocation         2
   *Song of Slaying                   Charms                       2
   *Spectral Weapon                   Hexes/Charms                 3
   Regeneration                       Charms/Necromancy            3
   Song of Shielding                  Charms                       4


   Skills:
 * Level 3.8 Fighting
 * Level 5.0 Long Blades
 * Level 3.0 Armour
 * Level 3.7 Dodging
 + Level 1.3 Stealth
 * Level 4.2 Spellcasting
 + Level 1.0 Hexes
 + Level 5.3 Charms
 + Level 1.3 Translocations


You had 6 spell levels left.
You knew the following spells:

 Your Spells              Type           Power        Failure   Level  Hunger
a - Infusion              Chrm           ###...       1%          1    None
b - Song of Slaying       Chrm           ###.......   2%          2    #......
c - Spectral Weapon       Hex/Chrm       ###.....     14%         3    ###....
h - Shroud of Golubria    Chrm/Tloc      ###.......   8%          2    #......


Dungeon Overview and Level Annotations

Branches:
Dungeon (5/27)
 Temple: D:4-7

Altars:
Vehumet


Message History

Wield which item (- for none, * to show all)? (? for menu, Esc to quit)
a - a +0,+1 elven falchion (weapon)
The gnoll misses you. The gnoll completely misses you.
Casting: Spectral Weapon
Confirm with . or Enter, or press ? or * to list all spells.
Your attacks are magically infused.
Casting: Infusion
Confirm with . or Enter, or press ? or * to list all spells.
You draw out your weapon's spirit!
The gnoll hits you from afar with a spear!
The gnoll hits you with a flail!
You barely miss the gnoll.
The gnoll is severely wounded.
Your spectral weapon closely misses the gnoll.
The gnoll hits you from afar with a spear!
The gnoll hits you with a flail.
The gnoll hits you from afar with a spear.
* * * LOW HITPOINT WARNING * * *
The gnoll hits you with a flail!
You die... ∙∙∙∙∙∙∙∙∙∙∙∙∙∙∙∙∙∙∙∙∙∙∙∙∙∙∙∙∙∙∙∙∙ ∙∙∙∙∙∙∙∙∙∙∙∙∙∙∙∙∙∙∙∙∙∙∙∙∙∙∙∙∙∙∙∙∙ ∙∙∙∙∙∙∙∙∙∙∙∙∙∙∙∙∙∙∙∙∙∙∙∙∙∙∙∙∙∙∙∙∙ ∙∙∙∙∙∙∙∙∙∙∙∙∙∙∙∙∙∙∙∙∙∙∙∙∙∙∙∙∙∙∙∙∙ ∙∙∙∙∙∙∙∙∙∙∙▒▒∙∙∙∙∙∙∙∙∙∙∙∙∙∙∙∙∙∙∙∙ ∙∙∙∙∙∙∙∙∙∙∙∙∙∙∙∙∙∙∙∙∙∙∙∙∙∙∙∙∙∙∙∙∙ ∙∙∙∙∙∙∙∙∙∙∙∙∙∙∙∙∙∙∙∙∙∙∙∙∙∙∙∙∙∙∙∙∙

∙∙∙∙∙∙∙▒∙∙∙▒∙▒▒∙∙∙∙∙∙∙∙∙∙∙∙∙∙∙∙∙∙
∙∙∙∙∙∙∙▒∙∙∙∙∙∙▒∙∙∙∙∙∙∙∙∙∙∙∙∙∙∙∙∙∙
∙∙∙∙∙∙∙∙▒∙▒▒∙∙∙∙∙∙∙∙∙∙∙∙∙∙∙∙∙∙∙∙∙
∙∙∙∙∙∙∙∙▒ ▒∙∙∙g@∙∙∙∙∙∙∙∙∙∙∙∙∙∙∙∙
∙∙∙∙∙∙∙▒▒▒ ▒∙∙g(∙∙∙∙∙∙∙∙∙∙∙∙∙∙∙∙∙
∙∙∙∙∙∙∙▒∙▒▒▒▒∙g∙∙∙∙∙∙∙∙∙∙∙∙∙∙∙∙∙∙
∙∙∙∙∙∙∙∙∙∙∙▒∙s∙∙∙∙∙∙∙∙∙∙∙∙∙∙∙∙∙∙∙
∙∙∙∙∙∙∙∙▒∙∙∙∙∙∙∙∙∙∙∙∙∙∙∙∙∙∙∙∙∙∙∙∙
∙∙∙∙∙∙∙∙∙∙g∙∙▒▒∙∙∙∙∙∙∙∙∙∙∙∙∙∙∙∙∙∙
∙∙∙∙∙∙▒∙∙∙∙∙▒▒∙∙∙)∙∙∙∙∙∙∙∙∙∙∙∙∙∙∙
∙∙∙∙∙∙∙∙∙∙∙▒▒(▒∙∙∙∙∙∙∙∙∙∙∙∙∙∙∙∙∙∙


∙∙∙∙∙∙∙∙∙∙s∙(∙∙∙∙∙∙∙∙∙∙∙∙∙∙∙∙∙∙∙∙ ∙∙∙∙(∙∙∙∙∙∙∙∙∙∙∙∙∙∙∙∙∙∙∙∙∙∙∙∙∙∙∙∙
∙∙%∙∙∙∙∙∙∙∙∙s∙∙∙∙∙∙∙∙∙∙∙∙∙∙∙∙∙∙∙∙ You could see a scorpion, 4 gnolls and a
friendly spectral elven falchion.

Vanquished Creatures
  The ghost of Csabeeboy the Insei, an average DrMo (D:3)
  A phantom (D:4)
  A centaur (D:5)
  An ice beast (D:5)
  A water moccasin (D:5)
  2 hounds
  An iguana (D:4)
  3 worker ants
  9 adders
  3 gnolls (D:5)
  An inept item mimic (D:5)
  3 worms
  An adder skeleton (D:5)
  An adder zombie (D:5)
  3 giant geckos (D:3)
  An ooze (D:3)
  An orc (D:4)
  3 giant cockroaches
  6 hobgoblins
  8 jackals
  2 ball pythons
  4 bats
  A giant gecko skeleton (D:5)
  5 giant newts
  11 goblins
  13 kobolds
  A kobold skeleton (D:4)
  A quokka (D:5)
  A quokka skeleton (D:4)
  12 rats
102 creatures vanquished.

Notes
Turn   | Place    | Note
--------------------------------------------------------------
     0 | D:1      | Illaniel, the High Elf Skald, began the quest for the Orb.
     0 | D:1      | Reached XP level 1. HP: 13/13 MP: 4/4
   293 | D:1      | Reached XP level 2. HP: 18/18 MP: 0/6
   317 | D:1      | Reached skill level 1 in Armour
   426 | D:2      | Learned a level 2 spell: Song of Slaying
   429 | D:2      | Learned a level 2 spell: Shroud of Golubria
   669 | D:2      | Reached XP level 3. HP: 10/23 MP: 2/8
   848 | D:2      | Found a radiant altar of Vehumet.
  1138 | D:2      | Reached skill level 4 in Charms
  1371 | D:3      | HP: 1/23 [adder (5)]
  1678 | D:3      | Reached XP level 4. HP: 27/29 MP: 1/11
  1689 | D:3      | Learned a level 3 spell: Spectral Weapon
  1938 | D:3      | Noticed Csabeeboy's ghost (average DrMo)
  2915 | D:4      | Reached XP level 5. HP: 18/34 MP: 6/13
  2980 | D:4      | Noticed a phantom
  2995 | D:4      | Killed a phantom
  3143 | D:4      | Reached XP level 6. HP: 22/40 MP: 12/17
  3583 | D:3      | Killed Csabeeboy's ghost
  3583 | D:3      | Reached skill level 5 in Charms
  3847 | D:5      | Entered Level 5 of the Dungeon
  3983 | D:5      | Reached XP level 7. HP: 27/45 MP: 11/19
  4064 | D:5      | HP: 2/45 [poisoned by a water moccasin]
  4430 | D:5      | Reached skill level 1 in Translocations
  4745 | D:5      | Reached skill level 1 in Stealth
  5101 | D:5      | Reached skill level 5 in Long Blades
  5101 | D:5      | Reached skill level 1 in Hexes
  5124 | D:5      | Slain by a gnoll

Action                   |  1- 3 |  4- 6 |  7- 9 || total
-------------------------+-------+-------+-------++-------
Melee: Falchion          |   116 |   110 |    58 ||   284
 Fire: Blowgun           |       |       |     4 ||     4
 Cast: Infusion          |    19 |    23 |    14 ||    56
       Shroud of Golubri |     3 |     2 |     4 ||     9
       Spectral Weapon   |       |    20 |    13 ||    33
 Abil: Evoke Berserk Rag |       |     1 |       ||     1
Evoke: Wand              |       |     2 |     5 ||     7
  Use: Potion            |     2 |       |     1 ||     3
       Scroll            |       |     3 |     1 ||     4
 Stab: Distracted        |       |     3 |       ||     3
       Sleeping          |       |       |     1 ||     1
